 Dungeon Crawl Stone Soup version 0.31-a0-369-g8eba5f6939 (webtiles) character file.

Game seed: 10108583098772755172

329432 bobo the Slayer (level 22, -4/187 HPs)
             Began as a Djinni Fire Elementalist on July 27, 2023.
             Was the Champion of Makhleb.
             Slain by an ironbound frostheart (12 damage)
             ... on level 4 of the Vaults on July 28, 2023.
             The game lasted 02:53:45 (34786 turns).

bobo the Slayer (Djinni Fire Elementalist)         Turns: 34786, Time: 02:53:47

Health: -4/187     AC:  0    Str: 12    XL:     22   Next: 69%
Gold:   2874       EV: 17    Int: 30    God:    Makhleb [******] SH: 14 Dex: 19

rFire   + + +        N - staff "Zueheu" {*Corrode rF+ rC+ rN++ Int+4 Ice}
rCold   + . .        j - +2 kite shield
rNeg    + + +        b - quicksilver dragon scales
rPois   ∞            S - -2 hat of the Alchemist {rElec rPois rF+ rC+ rN+ Will+ rMut rCorr}
rElec   +            J - +2 cloak {rCorr}
rCorr   +            n - +1 pair of gloves "Jusawn" {rElec Dex+3}
SInv    .            (boots unavailable)
Will    +++..        O - amulet of Favub {Harm Will- Regen+ Str+5}
Stlth   ++           G - ring of protection from cold
HPRegen 1.31/turn    r - ring of fire
MPRegen 0.00/turn

%: corrode self (3%), harm (+30% outgoing, +20% incoming), resist mutation,
infuse magic (-5 HP)
@: corroded, flying, studying 2 skills
A: sickness immunity, fire resistance 2, cold vulnerability 1, float, innate
caster, HP casting, extra vitality 1
}: 2/15 runes: decaying, serpentine
a: Renounce Religion, Minor Destruction, Lesser Servant of Makhleb, Major
Destruction, Greater Servant of Makhleb


You were on level 4 of the Vaults.
You worshipped Makhleb.
Makhleb was exalted by your worship.
You visited 9 branches of the dungeon, and saw 38 of its levels.
You also visited: Ossuary, Bailey and Gauntlet.

You collected 4300 gold pieces.
You spent 1426 gold pieces at shops.

Inventory:

Armour
 b - quicksilver dragon scales (worn)
 j - a +2 kite shield (worn)
 n - the +1 pair of gloves "Jusawn" (worn) {rElec Dex+3}
   (You acquired it on level 2 of the Snake Pit)

   Dex:       It affects your dexterity (+3).
   rElec:     It insulates you from electricity.
 w - a +0 troll leather armour
 J - a +2 cloak of preservation (worn)
 S - the -2 hat of the Alchemist (worn) {rElec rPois rF+ rC+ rN+ Will+ rMut rCorr}
   (You found it on level 1 of the Elven Halls)

   rF:        It protects you from fire.
   rC:        It protects you from cold.
   rElec:     It insulates you from electricity.
   rPois:     It protects you from poison.
   rN:        It protects you from negative energy.
   rCorr:     It protects you from acid and corrosion.
   rMut:      It protects you from mutation.
   Will:      It increases your willpower.
Magical Staves
 N - the staff "Zueheu" (weapon) {*Corrode rF+ rC+ rN++ Int+4 Ice}
   (You found it in a Gauntlet)

   [staff of cold]

   Base accuracy: +5 Base damage: 5 Base attack delay: 1.2 This weapon's minimum
   attack delay (0.6) is reached at skill level 12.
   Int:       It affects your intelligence (+4).
   rF:        It protects you from fire.
   rC:        It protects you from cold.
   rN:        It greatly protects you from negative energy.
   *Corrode:  It may corrode you when you take damage.
   Ice:       It increases the power of your Ice spells.
   It falls into the 'Staves' category.
   It is a one-handed weapon.
Jewellery
 r - a ring of fire (right hand)
 G - a ring of protection from cold (left hand)
 I - a ring of see invisible
 O - the amulet of Favub (around neck) {Harm Will- Regen+ Str+5}
   (You found it in a Gauntlet)

   [amulet of regeneration]

   Str:       It affects your strength (+5).
   Regen:     It increases your rate of health regeneration.
   Harm:      It increases damage dealt and taken.
   Will:      It decreases your willpower.
 Q - a ring of wizardry
 W - the amulet "Raphasumog" {RegenMP Dex+3}
   (You took it off a deep elf demonologist on level 1 of the Elven Halls)

   [amulet of magic regeneration]

   It increases your rate of magic regeneration.
   Dex:       It affects your dexterity (+3).
 Z - a +6 ring of dexterity
Wands
 d - a wand of polymorph (7)
 m - a wand of mindburst (16)
 p - a wand of charming (51)
 y - a wand of digging (8)
 P - a wand of roots (15)
 V - a wand of quicksilver (28)
Scrolls
 f - 6 scrolls of fog
 h - 18 scrolls of teleportation
 i - 6 scrolls of fear
 k - 2 scrolls of torment
 q - 11 scrolls of poison
 s - a scroll of revelation
 v - 2 scrolls of blinking
 D - 11 scrolls of enchant weapon
 E - 6 scrolls of silence
 F - a scroll of summoning
 H - 4 scrolls of brand weapon
 K - a scroll of enchant armour
 L - 12 scrolls of identify
 Y - 3 scrolls of immolation
Potions
 a - 10 potions of might
 c - 6 potions of brilliance
 g - 5 potions of invisibility
 l - 11 potions of mutation
 o - 12 potions of heal wounds
 t - 13 potions of curing
 u - 3 potions of resistance
 x - 8 potions of haste
 z - 2 potions of attraction
 A - a potion of lignification
 B - 4 potions of enlightenment {unknown}
 C - 2 potions of cancellation
 R - 7 potions of ambrosia
 X - 2 potions of berserk rage
Miscellaneous
 M - a phial of floods
 T - a sack of spiders


   Skills:
 + Level 24.4 Fighting
 - Level 4.6 Staves
 + Level 13.7 Dodging
 - Level 1.9 Stealth
 * Level 10.2 Shields
 * Level 17.9 Spellcasting
 * Level 17.9 Conjurations
 * Level 17.9 Hexes
 * Level 19.5 Summonings
 * Level 17.9 Necromancy
 * Level 17.9 Translocations
 * Level 17.9 Transmutations
 * Level 17.9 Fire Magic
 * Level 17.9 Ice Magic
 * Level 17.9 Air Magic
 * Level 17.9 Earth Magic
 * Level 17.9 Poison Magic
 - Level 11.4 Invocations
 - Level 5.1 Evocations


You knew the following spells:

 Your Spells              Type           Power      Damage    Failure   Level
a - Foxfire               Conj/Fire      100%       2x1d9     0%          1
b - Plasma Beam           Fire/Air       58%        2x1d73    1%          6
c - Vhi's Electric Charg  Tloc/Air       100%       N/A       1%          3
d - Tukima's Dance        Hex            94%        N/A       1%          3
e - Inner Flame           Hex/Fire       100%       N/A       1%          3
f - Ozocubu's Refrigerat  Ice            58%        4d20      4%          7
g - Summon Cactus Giant   Summ           48%        N/A       1%          6
q - Summon Lightning Spi  Summ/Air       96%        N/A       1%          4
s - Scorch                Fire           100%       2d9       0%          2
v - Summon Mana Viper     Hex/Summ       96%        N/A       1%          5
w - Flame Wave            Conj/Fire      100%       2d21      1%          4
x - Volatile Blastmotes   Fire/Tloc      100%       2d18      1%          3
z - Shock                 Conj/Air       100%       1d9       0%          1
R - Borgnjor's Revivific  Necr           47%        N/A       36%         8
Z - Blink                 Tloc           100%       N/A       0%          2
Your spell library was empty.

Dungeon Overview and Level Annotations

Branches:
Dungeon (15/15)            Temple (1/1) D:4            Lair (5/5) D:10
  Swamp (4/4) Lair:3        Snake (4/4) Lair:2        Slime (0/5) Lair:5
    Orc (2/2) D:9             Elf (2/3) Orc:2        Vaults (4/5) D:14
  Crypt (0/3) Vaults:2     Depths (1/4) D:15        Ossuary (visited)
 Bailey (visited)         Gauntlet (visited)

Altars:
Ashenzari
Cheibriados
Dithmenos
Elyvilon
Fedhas
Gozag
Hepliaklqana
Makhleb
Nemelex Xobeh
Okawaru
Qazlal
Ru
Trog
Uskayaw
Wu Jian
Xom
Yredelemnul
Zin
The Shining One
Jiyva

Shops:
D:9 ?   Orc:2 (((*   Elf:1 :   Depths:1 :=:

Portals:
Hell: Depths:1
Trove: D:13 (give 7 scrolls of fog)

Annotations:
D:8 1 runed translucent door
Lair:5 1 runed translucent door
Depths:1 1 runed translucent door


Innate Abilities, Weirdness & Mutations

You are immune to sickness and miasma.
You are immune to poison.
Your flesh is very heat resistant. (rF++)
You are vulnerable to cold. (rC-)
You float through the air rather than walking.
You learn spells naturally, not from books.
Your magical power is your life essence.
You have superior vitality. (+4 MHP)


Message History

The ironbound frostheart is moderately wounded.
An ironbound thunderhulk comes into view.
It is wielding a +0 dire flail.
The ironbound preserver hits you with a +0 flail!!
The deep troll misses you. The deep troll claws you! The deep troll misses you.
Casting: Ozocubu's Refrigeration (dangerous; 4% risk of failure)
Confirm with . or Enter, or press ? or * to list all spells.
You feel a surge of power!
The heat is drained from your surroundings.
The ironbound preserver is severely wounded.
The deep troll is heavily wounded. x2
The ironbound frostheart resists.
The ironbound frostheart is heavily wounded.
The ironbound thunderhulk is heavily wounded.
You kill the ironbound preserver!
Makhleb accepts your kill.
You feel better.
Electricity crackles from the ironbound thunderhulk's apparatus.
The bolt of lightning hits you! You resist.
Your corrosive artefact corrodes you!
The deep troll bites you!
* * * LOW HITPOINT WARNING * * *
You block the deep troll's attack. x2; The deep troll bites you!!
* * * LOW HITPOINT WARNING * * *
You block the deep troll's attack. The deep troll closely misses you.
You feel much better. The deep troll completely misses you.
The deep troll claws you.
* * * LOW HITPOINT WARNING * * *
The deep troll claws you.
* * * LOW HITPOINT WARNING * * *
The deep troll bites you.
* * * LOW HITPOINT WARNING * * *
The deep troll claws you!
* * * LOW HITPOINT WARNING * * *
You block the deep troll's attack.
You feel much better. The deep troll bites you!
* * * LOW HITPOINT WARNING * * *
You block the deep troll's attack. The deep troll misses you.
You block the deep troll's attack. x2; The deep troll claws you!
* * * LOW HITPOINT WARNING * * *
The ironbound frostheart touches you!
You die...

# #.##
#...##
#.....###
#..)T.###...
+..T@p..'O..
#...[.###...
#.....###
#...## #.##
#


You could see an ironbound thunderhulk, an ironbound frostheart and 2 deep
trolls.

Vanquished Creatures
  Frederick (Vaults:3)
  Nikola (Vaults:3)
  A tentacled monstrosity (Swamp:4)
  Mlioglotl (Snake:3)
  2 quicksilver dragons (Snake:4)
  A sphinx (Vaults:3)
  Gastronok (Orc:1)
  Aizul (Vaults:2)
  5 nagarajas
  A fenstrider witch (Swamp:4)
  3 frost giants
  5 vault wardens
  4 ghouls (Swamp:4)
  5 ironbound preservers
  A very ugly thing (Swamp:4)
  A formless jellyfish (Vaults:1)
  A deep elf annihilator (Elf:1)
  5 ironbound thunderhulks
  3 deep elf demonologists
  3 eleionomae
  5 dire elephants (Vaults:3)
  7 bunyips
  2 green deaths (Swamp:4)
  2 entropy weavers (Vaults:1)
  7 great orbs of eyes
  The ghost of Maxmaps the Prestidigitator, a journeyman OpSh of Gozag (D:12)
  5 yaktaur captains
  3 fire dragons
  A deep elf death mage (Elf:2)
  9 salamander tyrants
  18 hydras
  10 vault guards
  An ice dragon (Depths:1)
  An ogre mage (D:14)
  12 anacondas
  7 ghost crabs
  10 alligators
  A catoblepas (D:15)
  8 centaur warriors
  9 ironbound frosthearts
  6 two-headed ogres
  Erica (D:9)
  5 death yaks (Lair:4)
  4 boulder beetles
  8 naga warriors
  10 orc high priests
  A vampire mage (Elf:1)
  9 shock serpents
  4 tengu warriors
  A spriggan berserker (Depths:1)
  2 thrashing horrors (Swamp:4)
  12 naga sharpshooters
  12 deep elf knights
  An iron troll (Depths:1)
  13 skeletal warriors
  2 skysharks
  3 goliath frogs
  5 salamander mystics (Snake:2)
  7 spriggan druids
  Lodul (D:14)
  A death drake (shapeshifter) (D:14)
  A large abomination (Swamp:4)
  10 naga ritualists
  17 deep trolls
  2 shadow demons (Elf:1)
  9 swamp dragons
  A flayed ghost (Depths:1)
  2 phantasmal warriors (Depths:1)
  35 deep elf pyromancers
  6 deep elf archers
  12 bog bodies
  A necromancer (Vaults:2)
  2 wizards (Vaults:1)
  9 lindwurms
  16 deep elf zephyrmancers
  4 ironbound convokers
  8 mana vipers
  4 orc knights (Orc:2)
  An orc sorcerer (Elf:2)
  6 harpies
  32 ugly things
  4 will-o-the-wisps
  A sphinx skeleton (Vaults:2)
  3 manticores (D:14)
  6 cyclopes
  11 salamanders
  2 frost giant skeletons (Vaults:2)
  14 elephants
  4 apocalypse crabs (Swamp:1)
  44 black mambas
  3 stone giant skeletons (Vaults:2)
  10 guardian serpents
  11 naga magi
  10 vault sentinels
  A molten gargoyle (Lair:5)
  14 cane toads
  2 rime drakes
  3 dancing weapons
  30 yaktaurs
  4 kobold demonologists
  An efreet (D:15)
  A human skeleton (Vaults:2)
  2 yaktaur skeletons (Vaults:2)
  2 tengu conjurers (D:15)
  15 komodo dragons
  2 trolls
  7 hornets
  A meliai (D:14)
  Grinder (D:3)
  4 polar bears
  6 tyrant leeches
  Prince Ribbit (D:7)
  8 blink frogs
  17 spriggans
  24 slime creatures
  An air elemental (Elf:2)
  4 wraiths
  5 shadows (Swamp:4)
  4 water elementals
  An ettin skeleton (Vaults:2)
  A wyvern (Lair:4)
  5 basilisks
  5 fire elementals
  42 yaks
  4 redbacks (Vaults:1)
  2 steam dragons
  11 vampire mosquitoes
  Menkaure (D:4)
  9 wargs
  An acid dragon (Bailey)
  37 nagas
  5 hell hounds (Lair:5)
  11 swamp worms
  Duvessa (D:4)
  17 water moccasins
  39 orc warriors
  An ogre skeleton (Vaults:2)
  4 ice beasts
  A black bear (D:6)
  2 sky beasts (D:7)
  6 boggarts
  22 ogres
  6 centaurs
  4 wolves (Lair:5)
  A phantom (D:6)
  A kobold brigand (D:10)
  9 bullfrogs
  2 gnoll sergeants
  7 scorpions
  18 wights
  5 water moccasin zombies (Ossuary)
  Dowan (D:4)
  11 killer bees
  12 howler monkeys
  4 electric eels
  3 lava snakes (Lair:5)
  A crimson imp (Orc:2)
  9 hounds
  An iron imp (Orc:2)
  26 orc priests
  A gnoll bouda (D:9)
  2 jellies
  A sleepcap (D:5)
  Jessica (D:2)
  Ijyb (D:3)
  17 orc wizards
  4 iguanas
  6 hell rats (Lair:5)
  2 mummies (Ossuary)
  8 gnolls
  9 adders
  2 shadow imps
  13 white imps (Orc:2)
  2 ufetubi (D:4)
  11 adder zombies (Ossuary)
  A worm (D:2)
  11 dart slugs
  71 orcs
  5 ball pythons
  5 endoplasms
  6 giant cockroaches
  A gnoll zombie (Ossuary)
  2 hobgoblins
  4 jackals (D:3)
  3 quokkas
  9 bats
  4 frilled lizards
  9 goblins
  4 hobgoblin zombies (Ossuary)
  8 kobolds
  6 kobold zombies (Ossuary)
  2 orc zombies (Ossuary)
  3 rats
  A butterfly (Lair:1)
1318 creatures vanquished.

Vanquished Creatures (collateral kills)
  A fire giant (Depths:1)
  A vault warden (Vaults:3)
  A vampire knight (D:15)
  3 dire elephants (Vaults:3)
  A minotaur (Gauntlet)
  The ghost of ragingrage the Thaumaturge, a journeyman DjAr of Gozag (Lair:1)
  2 vault guards (Vaults:3)
  A hydra (Lair:3)
  A boulder beetle (Lair:5)
  An alligator (Swamp:1)
  27 dancing weapons
  A skyshark (Lair:2)
  An obsidian statue (Gauntlet)
  A bog body (Swamp:2)
  A deep elf pyromancer (Elf:1)
  2 ugly things
  3 elephants
  A black mamba (Lair:4)
  An apocalypse crab (Swamp:1)
  A molten gargoyle (Lair:5)
  5 cane toads
  A komodo dragon (Lair:5)
  An efreet (D:14)
  A hornet (Swamp:2)
  2 blink frogs
  A spriggan (Swamp:2)
  8 yaks
  3 wyverns
  2 vampire mosquitoes (D:15)
  A water moccasin (Lair:1)
  An orc warrior (D:10)
  A wolf (Lair:5)
  An earth elemental (Elf:2)
  A wight (D:8)
  2 lava snakes (Lair:5)
  An orc priest (D:10)
  An orc wizard (D:10)
  A hell rat (Lair:5)
  An orc (D:10)
  7 foxfires
94 creatures vanquished.

Vanquished Creatures (others)
  A swamp drake (Orc:2)
  A boggart (D:14)
  An orc wizard (Orc:2)
  3 orcs (Orc:2)
  717 foxfires
723 creatures vanquished.

Grand Total: 2135 creatures vanquished

Notes
Turn   | Place    | Note
-------+----------+-------------------------------------------
     0 | D:1      | bobo the Djinni Fire Elementalist began the quest for the
                  | Orb.
     0 | D:1      | bobo set off with the following spells memorised: Foxfire,
                  | Scorch, Volatile Blastmotes, Inner Flame, Flame Wave.
     0 | D:1      | Reached XP level 1. HP: 15/15 MP: 0/0
    84 | D:1      | Reached XP level 2. HP: 17/21 MP: 0/0
   178 | D:1      | Found a faded altar of an unknown god.
   574 | D:2      | Reached XP level 3. HP: 12/26 MP: 0/0
   574 | D:2      | Learned a level 1 spell: Shock
   576 | D:2      | Reached skill level 1 in Fighting
   655 | D:1      | Reached XP level 4. HP: 4/32 MP: 0/0
   776 | D:2      | Reached skill level 2 in Fighting
   966 | D:2      | Noticed Jessica
   978 | D:2      | Killed Jessica
   979 | D:2      | Reached XP level 5. HP: 33/39 MP: 0/0
   979 | D:2      | Learned a level 2 spell: Blink
  1603 | D:3      | Found a bloodstained altar of Trog.
  1651 | D:3      | Reached skill level 3 in Fighting
  1711 | D:3      | Found a blossoming altar of Fedhas.
  1726 | D:3      | Found a broken altar of Ashenzari.
  1748 | D:3      | Noticed Ijyb
  1755 | D:3      | Killed Ijyb
  1756 | D:3      | Reached XP level 6. HP: 38/46 MP: 0/0
  1821 | D:3      | Noticed Grinder
  1823 | D:3      | Paralysed by Grinder for 5 turns
  1832 | D:3      | Killed Grinder
  1833 | D:3      | Reached skill level 4 in Fighting
  1833 | D:3      | Reached XP level 7. HP: 40/52 MP: 0/0
  1833 | D:3      | Learned a level 3 spell: Tukima's Dance
  2020 | D:3      | Found a sacrificial altar of Ru.
  2337 | D:4      | Noticed Duvessa
  2337 | D:4      | Noticed Dowan
  2348 | D:4      | Reached skill level 1 in Shields
  2349 | D:4      | Killed Dowan
  2350 | D:4      | Killed Duvessa
  2350 | D:4      | Killed a +0 short sword
  2351 | D:4      | Reached skill level 5 in Fighting
  2514 | D:4      | Reached XP level 8. HP: 55/59 MP: 0/0
  2603 | D:4      | Reached skill level 5 in Spellcasting
  2603 | D:4      | Reached skill level 5 in Conjurations
  2603 | D:4      | Reached skill level 5 in Hexes
  2603 | D:4      | Reached skill level 5 in Summonings
  2603 | D:4      | Reached skill level 5 in Necromancy
  2603 | D:4      | Reached skill level 5 in Translocations
  2603 | D:4      | Reached skill level 5 in Transmutations
  2603 | D:4      | Reached skill level 5 in Fire Magic
  2603 | D:4      | Reached skill level 5 in Ice Magic
  2603 | D:4      | Reached skill level 5 in Air Magic
  2603 | D:4      | Reached skill level 5 in Earth Magic
  2603 | D:4      | Reached skill level 5 in Poison Magic
  2730 | D:4      | Found a staircase to the Ecumenical Temple.
  2762 | Temple   | Entered the Ecumenical Temple
  2867 | D:4      | Noticed Menkaure
  2871 | D:4      | Killed Menkaure
  3154 | D:5      | Entered Level 5 of the Dungeon
  3176 | D:5      | Reached skill level 6 in Fighting
  3439 | D:5      | Reached XP level 9. HP: 59/67 MP: 0/0
  3439 | D:5      | Learned a level 3 spell: Vhi's Electric Charge
  3502 | D:5      | Found a glowing silver altar of Zin.
  3502 | D:5      | Found a burning altar of Makhleb.
  3503 | D:5      | Noticed a green death
  3503 | D:5      | Noticed an angel
  3506 | D:5      | Became a worshipper of Makhleb the Destroyer
  3833 | D:5      | Reached skill level 5 in Shields
  3837 | D:5      | Reached skill level 7 in Fighting
  4193 | D:6      | Reached * piety under Makhleb
  4194 | D:6      | Reached skill level 1 in Invocations
  5102 | D:7      | Reached XP level 10. HP: 71/76 MP: 0/0
  5135 | D:7      | Reached skill level 8 in Fighting
  5530 | D:7      | Found a sparkling altar of Nemelex Xobeh.
  5670 | D:7      | Noticed Prince Ribbit
  5674 | D:7      | Killed Prince Ribbit
  5755 | D:7      | Identified the +0 scale mail "Uptetiemmoth" {Dex+2}
  5849 | D:7      | Reached skill level 5 in Dodging
  6381 | D:7      | Found the +11 Singing Sword {sonic wave}
  6522 | D:7      | Reached ** piety under Makhleb
  6620 | D:8      | Found a sand-covered staircase.
  6654 | Ossuary  | Entered an ossuary
  6987 | D:8      | Reached *** piety under Makhleb
  7030 | D:8      | Found a runed translucent door.
  7032 | D:8      | Noticed a sixfirhy
  7059 | D:8      | Identified the +3 leather armour "Puvomyw" {Will+}
  7063 | D:8      | Noticed a two-headed ogre
  7073 | D:8      | Killed a two-headed ogre
  7108 | D:8      | Reached skill level 9 in Fighting
  7271 | D:8      | Reached skill level 5 in Invocations
  7271 | D:8      | Reached XP level 11. HP: 74/84 MP: 0/0
  7271 | D:8      | Learned a level 4 spell: Summon Lightning Spire
  7945 | D:8      | Noticed a cyclops
  7951 | D:8      | Killed a cyclops
  8261 | D:9      | Found a flagged portal.
  8285 | Bailey   | Entered a bailey
  8389 | Bailey   | Noticed a two-headed ogre
  8392 | Bailey   | Reached **** piety under Makhleb
  8396 | Bailey   | Killed a two-headed ogre
  8397 | Bailey   | Reached skill level 1 in Staves
  8397 | Bailey   | Reached skill level 1 in Evocations
  8719 | D:9      | Upgraded the game from 0.31-a0-360-gb3e1d13bf4 to
                  | 0.31-a0-365-gcf821cafb2
  8755 | D:9      | Found a staircase to the Orcish Mines.
  8981 | D:9      | Found Plog's Magic Scroll Boutique.
  8986 | D:9      | Bought a scroll of identify for 28 gold pieces
  8986 | D:9      | Bought a scroll of identify for 28 gold pieces
  9004 | D:9      | Found an opulent altar of Gozag.
  9042 | D:9      | Noticed Erica
  9048 | D:9      | Killed Erica
  9049 | D:9      | Reached skill level 10 in Fighting
  9136 | D:9      | Identified the +0 robe of Fanaticism {rC+} (You took it off
                  | a centaur on level 9 of the Dungeon)
  9145 | D:9      | Noticed a two-headed ogre
  9149 | D:9      | Killed a two-headed ogre
  9150 | D:9      | Reached XP level 12. HP: 71/91 MP: 0/0
  9165 | D:9      | Identified the +1 robe of Ymuet {Dex+2}
  9524 | D:9      | Found a stormy altar of Qazlal.
  9688 | D:10     | Entered Level 10 of the Dungeon
  9732 | D:10     | Reached ***** piety under Makhleb
  9744 | D:10     | Noticed a two-headed ogre
  9753 | D:10     | Killed a two-headed ogre
  9906 | D:10     | Found a staircase to the Lair.
 10589 | Lair:1   | Entered Level 1 of the Lair of Beasts
 10589 | Lair:1   | Found a gate leading to a gauntlet.
 10911 | Lair:1   | Reached skill level 5 in Evocations
 10990 | Gauntlet | Entered a Gauntlet
 10990 | Gauntlet | Found a transporter.
 10990 | Gauntlet | Found a transporter.
 10995 | Gauntlet | Found a transporter.
 11010 | Gauntlet | Found a transporter.
 11030 | Gauntlet | Found a transporter.
 11033 | Gauntlet | Noticed a great orb of eyes
 11037 | Gauntlet | Found a transporter.
 11054 | Gauntlet | Found a transporter.
 11068 | Gauntlet | Noticed a quicksilver ooze
 11120 | Gauntlet | Found a transporter.
 11135 | Gauntlet | Found a transporter.
 11151 | Gauntlet | Found a transporter.
 11163 | Gauntlet | Found a transporter.
 11182 | Gauntlet | Found a transporter.
 11197 | Gauntlet | Noticed a death drake
 11251 | Gauntlet | Found a transporter.
 11259 | Gauntlet | Found a transporter.
 11262 | Gauntlet | Found a transporter.
 11266 | Gauntlet | Found a transporter.
 11273 | Gauntlet | Noticed a wretched star
 11286 | Gauntlet | Noticed a minotaur
 11446 | Gauntlet | Reached skill level 11 in Fighting
 11697 | Gauntlet | Killed a great orb of eyes
 11698 | Gauntlet | Reached XP level 13. HP: 72/99 MP: 0/0
 11698 | Gauntlet | Learned a level 5 spell: Summon Mana Viper
 11706 | Gauntlet | Identified the staff "Zueheu" {*Corrode rF+ rC+ rN++ Int+4
                  | Ice}
 11810 | Gauntlet | Identified the amulet of Favub {Harm Will- Regen+ Str+5}
 11837 | Gauntlet | Killed a minotaur
 11897 | Gauntlet | Found the +3 pair of mountain boots {steadfast, rC+}
 11903 | Gauntlet | Identified the +2 broad axe of Breach {heavy, Drain Fragile
                  | rPois rF+++}
 11965 | Lair:1   | Found a runed translucent gate.
 11965 | Lair:1   | Found a runed translucent gate.
 11965 | Lair:1   | Found a runed translucent gate.
 11968 | Lair:1   | Noticed ragingrage's ghost (journeyman DjAr)
 11970 | Lair:1   | Noticed a six-headed hydra
 12469 | Lair:2   | Found a staircase to the Snake Pit.
 12942 | Lair:3   | Reached skill level 12 in Fighting
 12997 | Lair:3   | Noticed a six-headed hydra
 13001 | Lair:3   | Killed a six-headed hydra
 13224 | Lair:3   | Found a staircase to the Swamp.
 13639 | Lair:3   | Noticed a five-headed hydra
 13645 | Lair:3   | Killed a five-headed hydra
 13761 | Lair:4   | Reached skill level 13 in Fighting
 13762 | Lair:4   | Reached skill level 10 in Spellcasting
 13762 | Lair:4   | Reached skill level 10 in Conjurations
 13762 | Lair:4   | Reached skill level 10 in Hexes
 13762 | Lair:4   | Reached skill level 10 in Summonings
 13762 | Lair:4   | Reached skill level 10 in Necromancy
 13762 | Lair:4   | Reached skill level 10 in Translocations
 13762 | Lair:4   | Reached skill level 10 in Transmutations
 13762 | Lair:4   | Reached skill level 10 in Fire Magic
 13762 | Lair:4   | Reached skill level 10 in Ice Magic
 13762 | Lair:4   | Reached skill level 10 in Air Magic
 13762 | Lair:4   | Reached skill level 10 in Earth Magic
 13762 | Lair:4   | Reached skill level 10 in Poison Magic
 13762 | Lair:4   | Reached XP level 14. HP: 79/110 MP: 0/0
 14042 | Lair:4   | Reached ****** piety under Makhleb
 14181 | Lair:4   | Identified the +5 battleaxe "Osseitin" {drain, Str+3}
 14623 | Lair:4   | Reached skill level 14 in Fighting
 14757 | Lair:5   | Entered Level 5 of the Lair of Beasts
 14757 | Lair:5   | Found a viscous altar of Jiyva.
 14758 | Lair:5   | Found a runed translucent door.
 14765 | Lair:5   | Noticed an acid blob
 15526 | Lair:5   | Reached XP level 15. HP: 118/118 MP: 0/0
 15526 | Lair:5   | Learned a level 6 spell: Plasma Beam
 15628 | Lair:5   | Found a large runed translucent door.
 15629 | Lair:5   | Found a large runed translucent door.
 15633 | Lair:5   | Reached skill level 15 in Fighting
 15962 | Lair:5   | Found a staircase to the Slime Pits.
 16238 | Lair:1   | Killed ragingrage's ghost
 16427 | Orc:1    | Entered Level 1 of the Orcish Mines
 16472 | Orc:1    | Noticed Gastronok
 16475 | Orc:1    | Killed Gastronok
 16575 | Orc:2    | Entered Level 2 of the Orcish Mines
 16668 | Orc:2    | Noticed an Executioner
 17155 | D:11     | You are sucked into a shaft and drop 3 floors!
 17500 | D:12     | Found a stormy altar of Qazlal.
 17634 | D:12     | Found a runed translucent gate.
 17634 | D:12     | Found a runed translucent gate.
 17634 | D:12     | Found a runed translucent gate.
 17640 | D:12     | Noticed Maxmaps's ghost (journeyman OpSh)
 17647 | D:12     | Killed Maxmaps's ghost
 18201 | D:13     | Found a portal to a secret trove of treasure.
 18319 | D:14     | Reached skill level 16 in Fighting
 18404 | D:14     | Reached XP level 16. HP: 67/128 MP: 0/0
 18510 | D:14     | Found a gate to the Vaults.
 18566 | D:14     | Noticed Lodul
 18568 | D:14     | Killed Lodul
 18953 | D:15     | Entered Level 15 of the Dungeon
 18986 | D:15     | Reached skill level 10 in Invocations
 19354 | D:15     | Noticed a frost giant
 19356 | D:15     | Killed a frost giant
 19357 | D:15     | Found a staircase to the Depths.
 19758 | Swamp:1  | Entered Level 1 of the Swamp
 19758 | Swamp:1  | Found a runed translucent door.
 20053 | Swamp:1  | Reached skill level 17 in Fighting
 20697 | Swamp:1  | Found the +10 Black Knight's barding {ponderous, rPois rN+}
 20845 | Swamp:2  | Reached XP level 17. HP: 113/136 MP: 0/0
 20845 | Swamp:2  | Learned a level 7 spell: Ozocubu's Refrigeration
 21575 | Swamp:3  | Reached skill level 18 in Fighting
 21993 | Swamp:4  | Entered Level 4 of the Swamp
 22294 | Swamp:4  | Noticed a tentacled monstrosity
 22307 | Swamp:4  | Reached XP level 18. HP: 147/147 MP: 0/0
 22318 | Swamp:4  | Killed a tentacled monstrosity
 22373 | Swamp:4  | Reached skill level 19 in Fighting
 22777 | Swamp:4  | Got a decaying rune of Zot
 22928 | Snake:1  | Entered Level 1 of the Snake Pit
 24196 | Snake:2  | Found a transporter.
 24209 | Snake:2  | Identified a scroll of acquirement
 24361 | Snake:2  | Reached skill level 15 in Spellcasting
 24361 | Snake:2  | Reached skill level 15 in Conjurations
 24361 | Snake:2  | Reached skill level 15 in Hexes
 24361 | Snake:2  | Reached skill level 15 in Summonings
 24361 | Snake:2  | Reached skill level 15 in Necromancy
 24361 | Snake:2  | Reached skill level 15 in Translocations
 24361 | Snake:2  | Reached skill level 15 in Transmutations
 24361 | Snake:2  | Reached skill level 15 in Fire Magic
 24361 | Snake:2  | Reached skill level 15 in Ice Magic
 24361 | Snake:2  | Reached skill level 15 in Air Magic
 24361 | Snake:2  | Reached skill level 15 in Earth Magic
 24361 | Snake:2  | Reached skill level 15 in Poison Magic
 24367 | Snake:2  | Reached skill level 20 in Fighting
 24392 | Snake:2  | Found a basalt altar of Yredelemnul.
 24656 | Snake:2  | Reached XP level 19. HP: 118/156 MP: 0/0
 24656 | Snake:2  | Learned a level 6 spell: Summon Cactus Giant
 24761 | Snake:2  | Found a transporter.
 24779 | Snake:3  | Noticed Mlioglotl
 24782 | Snake:2  | Acquired the +1 pair of gloves "Jusawn" {rElec Dex+3}
 25261 | Orc:2    | Found a staircase to the Elven Halls.
 25478 | Orc:2    | Found Owneoxebez's Antique Weapon Shoppe.
 25481 | Orc:2    | Found Hesis's Antique Weapon Emporium.
 25482 | Orc:2    | Found Ogehohyb's General Store.
 25483 | Orc:2    | Found Soixtev's Weapon Shoppe.
 25486 | Orc:2    | Bought 2 potions of heal wounds for 170 gold pieces
 25736 | Elf:1    | Entered Level 1 of the Elven Halls
 26115 | Elf:1    | Acquired the +1 buckler of Feddus {Rampage rElec Will+}
 26398 | Elf:1    | Found Mas Ymmo's Book Emporium.
 26402 | Elf:1    | Bought a manual of Fighting for 1200 gold pieces
 26471 | Elf:1    | Reached skill level 21 in Fighting
 26853 | Elf:1    | Found the -2 hat of the Alchemist {rElec rPois rF+ rC+ rN+
                  | Will+ rMut rCorr}
 26874 | Elf:1    | Identified the amulet "Raphasumog" {RegenMP Dex+3}
 27275 | Elf:2    | Reached skill level 22 in Fighting
 27275 | Elf:2    | Reached XP level 20. HP: 167/167 MP: 0/0
 27558 | Elf:2    | Found a huge runed translucent gate.
 27558 | Elf:2    | Found a huge runed translucent gate.
 27558 | Elf:2    | Found a huge runed translucent gate.
 27558 | Elf:2    | Found a huge runed translucent gate.
 27558 | Elf:2    | Found a huge runed translucent gate.
 28092 | Depths:1 | Entered Level 1 of the Depths
 28151 | D:15     | Upgraded the game from 0.31-a0-365-gcf821cafb2 to
                  | 0.31-a0-369-g8eba5f6939
 28162 | Depths:1 | Reached skill level 10 in Dodging
 28217 | Depths:1 | Reached skill level 23 in Fighting
 28376 | Depths:1 | Identified the +1 robe "Reeffu" {Dex+2}
 28400 | Depths:1 | Found a gateway to Hell.
 28502 | Depths:1 | Found a runed translucent door.
 28655 | Depths:1 | Found a hide-covered altar of Uskayaw.
 28933 | Depths:1 | Found Dykostrib's Book Boutique.
 28933 | Depths:1 | Found Hekh's Jewellery Shoppe.
 28935 | Depths:1 | Found Veigu's Book Boutique.
 29542 | Snake:3  | Killed Mlioglotl
 30490 | Snake:4  | Entered Level 4 of the Snake Pit
 30810 | Snake:4  | Reached XP level 21. HP: 155/177 MP: 0/0
 30810 | Snake:4  | Learned a level 8 spell: Borgnjor's Revivification
 30824 | Snake:4  | Identified the +8 quarterstaff "Goblin's Funeral" {flame,
                  | rF- Str+3 Dex+2 Stlth+}
 31094 | Snake:4  | Got a serpentine rune of Zot
 31527 | Vaults:1 | Entered Level 1 of the Vaults
 32191 | Vaults:1 | Reached skill level 24 in Fighting
 33336 | Vaults:2 | Reached XP level 22. HP: 185/185 MP: 0/0
 33417 | Vaults:2 | Found a staircase to the Crypt.
 33601 | Vaults:2 | Noticed Aizul
 33607 | Vaults:2 | Killed Aizul
 34075 | Vaults:3 | Noticed Nikola
 34084 | Vaults:3 | Killed Nikola
 34362 | Vaults:3 | Noticed Frederick
 34384 | Vaults:3 | Killed Frederick
 34385 | Vaults:3 | Reached skill level 10 in Shields
 34786 | Vaults:4 | HP: 8/187 [deep troll[an ironbound preserver] (13)]
 34786 | Vaults:4 | Slain by an ironbound frostheart

Illustrated notes

Levels and vault maps discovered:
D:1:      dpeg_arrival_refuge, layout_rooms,
          hellmonk_ecumenical_altar_pennies_from_heaven,
          chequers_serial_rivers_large_a, minmay_tromino_v4_b
D:2:      layout_basic, basic_altar, nicolae_houndstooth_variations,
          uniq_jessica
D:3:      layout_basic, nicolae_overflow_quartered_altars, feat_on_display,
          uniq_ijyb, uniq_grinder
D:4:      layout_gridville, minmay_temple_entry_antechambers,
          minmay_gold_behind_fungi, uniq_menkaure, uniq_duvessa
D:5:      kennysheep_slugbush, layout_cave_pools,
          grunt_temple_overflow_order_and_chaos_2, grunt_ministairs_11
D:6:      layout_cave_pods
D:7:      old_forge, layout_basic, nemelex_xobeh_ov_fountains_minmay,
          uniq_prince_ribbit1
D:8:      cheibrodos_shockbox, layout_basic, enter_ossuary_1
D:9:      layout_loops_ring, grunt_gozag_breadcrumbs,
          mainiacjoe_overflow_divided_tiny, orc_david_3, serial_shops, shop,
          enter_bailey_3, kennysheep_kite_vault, uniq_erica
D:10:     layout_layer_cave, erik_lair_orcish_takeover
D:11:     layout_cave_pools, nicolae_elevator_lobby_asterisk
D:12:     layout_roguey, ebering_ghost_rock_garden, skrybe_limestone_x,
          nicolae_qazlal_eye_of_the_storm
D:13:     layout_gridville, enter_trove_5
D:14:     layout_basic, lightli_vaults_fourway_checkpoint,
          corexii_leaking_fountain, nicolae_lava_and_water, uniq_lodul
D:15:     grunt_enter_depths_snipers, layout_loops_cross
Temple:   minmay_temple_forest_path
Lair:1:   layout_gridlike, gammafunk_ghost_split, gauntlet_entry_generic,
          lemuel_fruit_tree, serial_bayou_shore_b, lemuel_fruit_fields
Lair:2:   layout_misc_corridors, guppyfry_snake_entry_island
Lair:3:   layout_regular_city, skrybe_swamp_entry_bodies,
          infiniplex_staircase_pool
Lair:4:   layout_cave_pods, serial_bayou_shore_b, grunt_megastairs_2
Lair:5:   cheibrodos_lair_end_hotspot, layout_misc_corridors, slime_entry_2
Swamp:1:  gammafunk_mikee_crab_dinner, layout_basic_swamp,
          evilmike_swamp_ruin_house_3
Swamp:2:  nicolae_swamp_secret_spriggan_hideout, layout_basic_swamp,
          evilmike_swamp_ruin_rubble_1
Swamp:3:  layout_basic_swamp, hangedman_swamp_diagram,
          infiniplex_staircase_pool_2
Swamp:4:  swamp_vile, layout_basic_swamp, swamp_pool1
Snake:1:  layout_onion, nicolae_integral_box, serial_bayou_shore_b
Snake:2:  gammafunk_sealed_library, layout_rooms, basic_altar,
          nicolae_snake_serpentine_hallways
Snake:3:  layout_grid_maze, st_stairs_6, nicolae_snake_gridmaze_big_u,
          uniq_mlioglotl
Snake:4:  hellmonk_snake_rune_quicksilver_temple, layout_misc_corridors
Orc:1:    layout_caves, serial_shops, nicolae_shop_waterfront,
          trog_butcher_becter, uniq_gastronok
Orc:2:    st_orc_pillars, layout_caves, enter_volcano_2, basic_altar,
          portal_ice_cave_entry_imps, hangedman_minor_magic
Elf:1:    layout_geoelf_diagonals, serial_shops,
          nicolae_shop_pleasant_corner_grove,
          hangedman_elven_crosses_minicolossus, hangedman_summoners_spam
Elf:2:    elven_hall_of_blades_hangedman_alternative [nicolae_blade_lattice],
          layout_geoelf_grid, nicolae_fountain_basement
Vaults:1: nicolae_vaults_network_quincunx
          [nicolae_vaults_network_quincunx_subvault,
          nicolae_vaults_network_quincunx_subvault,
          nicolae_vaults_network_quincunx_subvault,
          nicolae_vaults_network_quincunx_subvault,
          nicolae_vaults_network_quincunx_subvault],
          nicolae_vaults_double_plus_3, vaults_standard_mumra_enter_the_diamond,
          grunt_vaults_twisty, grunt_vaults_hallway_long,
          nicolae_vaults_closet_pinwheel_4, nicolae_vaults_little_squares_1,
          vaults_dpeg_hooks, nicolae_vaults_tetromino_Z_2,
          layout_vaults_omnigrid
Vaults:2: minmay_crypt_entry_skeletal_spiral, vaults_room_door_hall,
          vaults_room_stairs_pillars, hangedman_vaults_stretched_pinwheel,
          nicolae_vaults_circle_grid_a, nicolae_vaults_wine_cellar,
          hangedman_vaults_stream, vaults_dpeg_spiral, grunt_vaults_funnel,
          vaults_dpeg_diagonal, nicolae_vaults_ring_of_whatevers,
          layout_vaults_omnicross, uniq_aizul
Vaults:3: v_rooms_1, nicolae_vaults_circle_grid_b, vaults_mumra_chevron,
          vaults_room_fours, hangedman_vaults_variations, v_misc_15,
          vaults_room_semicircle, nicolae_vaults_alarming, v_misc_17,
          vaults_room_semicircle, vaults_dpeg_emergency_exit,
          layout_vaults_maze_snakey, uniq_frederick, uniq_nikola
Vaults:4: vaults_room_fancy_cross, v_misc_19, vaults_room_door_hall,
          nicolae_vaults_storage_closets_1, vaults_room_octagon,
          grunt_vaults_focal, grunt_vaults_trifunnel,
          nicolae_vaults_double_plus_1, nicolae_vaults_more_shelving_1,
          dpeg_vaults_waves, vaults_room_fours, layout_vaults_big_room,
          serial_shops, shop, uniq_bai_suzhen, uniq_margery
Depths:1: layout_gridlike, nicolae_uskayaw_murder_on_the_dancefloor,
          grunt_hell_entry_dis_mu, minmay_acid_items, grunt_megastairs_1,
          serial_bayou_shore_b, minmay_shop_grove

Skill      XL: |  1  2  3  4  5  6  7  8  9 10 11 12 13 14 15 16 17 18 19 20 21 22 |
---------------+-------------------------------------------------------------------+-----
Spellcasting   | 4 5 6 7 8 10 11 12 14 15 16 17 | 17.9
Conjurations   | 4 5 6 7 8 10 11 12 14 15 16 17 | 17.9
Hexes          | 4 5 6 7 8 10 11 12 14 15 16 17 | 17.9
Summonings     | 4 5 6 7 8 10 11 12 14 15 16 17 18 19 | 19.5
Necromancy     | 4 5 6 7 8 10 11 12 14 15 16 17 | 17.9
Translocations | 4 5 6 7 8 10 11 12 14 15 16 17 | 17.9
Transmutations | 4 5 6 7 8 10 11 12 14 15 16 17 | 17.9
Fire Magic     | 4 5 6 7 8 10 11 12 14 15 16 17 | 17.9
Ice Magic      | 4 5 6 7 8 10 11 12 14 15 16 17 | 17.9
Air Magic      | 4 5 6 7 8 10 11 12 14 15 16 17 | 17.9
Earth Magic    | 4 5 6 7 8 10 11 12 14 15 16 17 | 17.9
Poison Magic   | 4 5 6 7 8 10 11 12 14 15 16 17 | 17.9
Fighting       | 1 2 3 4 5 6 7 9 10 11 13 14 16 17 18 20 22 23 24 | 24.4
Shields        | 2 4 5 6 8 10 | 10.2
Dodging        | 4 6 8 9 11 12 13 | 13.7
Invocations    | 2 5 6 9 11 | 11.4
Staves         | 2 4 |  4.6
Evocations     | 3 5 |  5.1
Stealth        | |  1.9

Action                     |  1- 3 |  4- 6 |  7- 9 | 10-12 | 13-15 | 16-18 | 19-21 | 22-24 || total
---------------------------+-------+-------+-------+-------+-------+-------+-------+-------++-------
  Melee: Unarmed           |     1 |       |       |       |       |       |       |       ||     1
         Staff             |       |       |       |       |    10 |     1 |    47 |       ||    58
   Cast: Foxfire           |    35 |    49 |   143 |   117 |    74 |       |       |       ||   418
         Scorch            |    10 |    19 |    36 |    73 |    65 |     5 |     1 |     8 ||   217
         Shock             |       |     3 |    14 |    61 |    65 |       |       |       ||   143
         Inner Flame       |       |     3 |    31 |   141 |   176 |   110 |    90 |    13 ||   564
         Blink             |       |     1 |     2 |    11 |    19 |    10 |     8 |     2 ||    53
         Volatile Blastmot |       |       |     2 |    21 |     1 |    20 |       |       ||    44
         Tukima's Dance    |       |       |     1 |       |     3 |     2 |     1 |       ||     7
         Flame Wave        |       |       |       |     3 |     5 |     1 |     1 |     1 ||    11
         Summon Lightning  |       |       |       |    18 |    67 |    18 |     6 |     2 ||   111
         Summon Mana Viper |       |       |       |       |     5 |     2 |    13 |     2 ||    22
         Plasma Beam       |       |       |       |       |   113 |   272 |   321 |    79 ||   785
         Ozocubu's Refrige |       |       |       |       |       |    45 |   129 |    10 ||   184
         Summon Cactus Gia |       |       |       |       |       |       |    25 |     2 ||    27
 Invoke: Greater Servant o |       |       |       |       |     1 |       |       |       ||     1
    Use: Potion            |     2 |       |       |     2 |     2 |       |     1 |     2 ||     9
         Scroll            |       |       |     4 |    14 |    15 |     3 |     9 |     2 ||    47
   Stab: Distracted        |       |       |       |       |     1 |       |       |       ||     1
 Armour: Robe              |     1 |     2 |     3 |     5 |       |       |       |       ||    11
         Leather armour    |       |       |       |    11 |    41 |     8 |    22 |       ||    82
         Troll leather arm |       |       |       |       |       |       |    17 |       ||    17
         Quicksilver drago |       |       |       |       |       |       |       |     2 ||     2
  Dodge: Dodged            |     4 |     1 |    15 |    40 |    70 |    43 |    91 |    11 ||   275
  Block: Buckler           |       |       |     6 |    21 |    32 |     7 |    28 |       ||    94
         Kite shield       |       |       |       |       |       |       |     3 |    18 ||    21

Table legend: (Time is in decaauts)
 A = Elapsed time spent in this place.
 B = Non-inter-level travel time spent in this place.
 C = Inter-level travel time spent in this place.
 D = Time resting spent in this place.
 E = Time spent auto-exploring this place.
 F = Levels seen in this place.
 G = Mean time per level.
                   A        B        C        D        E       F      G
               +--------+--------+--------+--------+--------+-----+--------+
         Total |  34838 |  32321 |   2517 |   1798 |  24649 |  41 |  849.7 |
       Dungeon |  13585 |  12416 |   1169 |    516 |  10107 |  15 |  905.7 |
        Temple |      1 |      1 |      0 |      0 |      0 |   1 |    1.0 |
          Lair |   5081 |   4626 |    455 |     34 |   3632 |   5 | 1016.2 |
         Swamp |   3136 |   2984 |    152 |    315 |   2029 |   4 |  784.0 |
     Snake Pit |   3823 |   3464 |    359 |     28 |   2934 |   4 |  955.8 |
  Orcish Mines |   1122 |   1049 |     73 |    119 |    700 |   2 |  561.0 |
   Elven Halls |   2123 |   2017 |    106 |     81 |   1294 |   2 | 1061.5 |
        Vaults |   3257 |   3102 |    155 |      2 |   2576 |   4 |  814.2 |
        Depths |   1149 |   1104 |     45 |      0 |    999 |   1 | 1149.0 |
       Ossuary |    302 |    302 |      0 |    128 |     87 |   1 |  302.0 |
        Bailey |    351 |    351 |      0 |    157 |      1 |   1 |  351.0 |
      Gauntlet |    903 |    903 |      0 |    418 |    289 |   1 |  903.0 |
               +--------+--------+--------+--------+--------+-----+--------+

Top non-repeatable levels by time:
     D:7: 1655 daAuts
  Lair:5: 1375 daAuts
     D:9: 1352 daAuts
   Elf:1: 1321 daAuts
Vaults:2: 1271 daAuts
  Lair:1: 1237 daAuts
     D:8: 1212 daAuts
Vaults:1: 1204 daAuts
Depths:1: 1149 daAuts
 Swamp:1: 1082 daAuts
    D:10: 1036 daAuts
  Lair:4: 1032 daAuts
 Snake:1: 1032 daAuts
 Snake:3: 1015 daAuts
     D:6: 996 daAuts
